 Dungeon Crawl Stone Soup version 0.28.0 (webtiles) character file.

Game seed: 12969759790510703206

7257 crazypyro the Severer (level 10, 0/83 HPs)
             Began as a Minotaur Fighter on Feb 10, 2022.
             Was a Priest of Okawaru.
             Slain by a skeletal warrior (19 damage)
             ... led by a skeletal warrior
             ... on level 9 of the Dungeon.
             The game lasted 00:08:43 (10740 turns).

crazypyro the Severer (Minotaur Fighter)           Turns: 10740, Time: 00:08:44

Health: 0/83       AC: 19    Str: 26    XL:     10   Next: 88%
Magic:  7/9        EV: 10    Int:  5    God:    Okawaru [***...]
Gold:   385        SH:  6    Dex:  9    Spells: 9/9 levels left

rFire   . . .      SeeInvis .   a - +1 war axe
rCold   . . .      Faith    .   c - +0 buckler
rNeg    + . .      Spirit   .   q - +1 plate armour
rPois   .          Reflect  .   (helmet restricted)
rElec   .          Harm     .   (no cloak)
rCorr   .          Rampage  .   (no gloves)
Will    .....                   (no boots)
Stlth   ..........              (no amulet)
HPRegen 0.23/turn               m - +4 ring of protection
MPRegen 0.11/turn               s - ring of positive energy

@: heroic
A: horns 2, retaliatory headbutt
a: Renounce Religion, Heroism


You were on level 9 of the Dungeon.
You worshipped Okawaru.
Okawaru was most pleased with you.
You visited 2 branches of the dungeon, and saw 10 of its levels.

You collected 385 gold pieces.

Inventory:

Hand Weapons
 a - a +1 war axe (weapon)
Armour
 b - a +0 scale mail
 c - a +0 buckler (worn)
 q - a +1 plate armour (worn)
Jewellery
 k - a ring of magical power
 m - a +4 ring of protection (left hand)
 s - a ring of positive energy (right hand)
 w - a ring of protection from cold
Wands
 p - a wand of iceblast (3)
 t - a wand of paralysis (5)
 v - a wand of flame (8)
Scrolls
 d - 7 scrolls of identify
 e - a scroll of enchant armour
 f - 3 scrolls of enchant weapon
 u - a scroll of brand weapon {unknown}
 y - a scroll of magic mapping {unknown}
Potions
 g - 2 potions of degeneration
 h - a potion of attraction {unknown}
 i - a potion of invisibility {unknown}
 j - 3 potions of curing
 l - a potion of haste {unknown}
 n - 2 potions of brilliance
 o - a potion of heal wounds
 r - a potion of mutation {unknown}
 x - a potion of flight {unknown}


   Skills:
 + Level 6.1(11.1) Fighting
 - Level 15.9(20.9) Axes
 - Level 4.0(9.0) Armour
 - Level 8.6(13.6) Dodging
 + Level 6.1(11.1) Shields


You had 9 spell levels left.
You didn't know any spells.
Your spell library contained the following spells:

 Spells                   Type           Power      Damage    Failure   Level
 Freeze                   Ice            0%         1d3       100%        1
 Pain                     Necr           0%         1d4       100%        1
 Sandblast                Erth           0%         2d4       100%        1
 Ensorcelled Hibernation  Hex/Ice        0%         N/A       100%        2
 Passwall                 Tmut/Erth      0%         N/A       100%        2
 Sublimation of Blood     Necr           0%         N/A       100%        2
 Confusing Touch          Hex            0%         N/A       100%        3
 Frozen Ramparts          Ice            0%         1d2       100%        3
 Ozocubu's Armour         Ice            0%         N/A       100%        3
 Stone Arrow              Conj/Erth      0%         3d7       100%        3
 Swiftness                Air            0%         N/A       100%        3
 Vampiric Draining        Necr           0%         2d6       100%        3
 Flame Wave               Conj/Fire      0%         2d4       100%        4
 Hailstorm                Conj/Ice       0%         3d3       100%        4
 Ice Form                 Ice/Tmut       0%         N/A       100%        4
 Petrify                  Tmut/Erth      0%         N/A       100%        4
 Irradiate                Conj/Tmut      0%         3d13      100%        5
 Yara's Violent Unravell  Hex/Tmut       0%         3d3       100%        5
 Enfeeble                 Hex            0%         N/A       100%        7
 Animate Skeleton         Necr           Unusable   N/A       N/A         1
 Simulacrum               Ice/Necr       Unusable   N/A       N/A         6

Dungeon Overview and Level Annotations

Branches:
Dungeon (10/15)            Temple (1/1) D:7
   Lair: D:8-11         Orc: D:9-12

Altars:
Ashenzari
Cheibriados
Dithmenos
Fedhas
Gozag
Hepliaklqana
Kikubaaqudgha
Makhleb
Nemelex Xobeh
Okawaru
Qazlal
Ru
Sif Muna
Trog
Uskayaw
Wu Jian
Yredelemnul
Zin
The Shining One

Shops:
D:8 *


Innate Abilities, Weirdness & Mutations

You have a pair of horns on your head.
You reflexively headbutt those who attack you in melee.


Message History

There is a stone staircase leading up here.
The skeletal warrior hits you but does no damage.
The basilisk gazes at you. You resist with some effort.
The skeletal warrior hits you from afar with a +0 glaive!
You climb upwards.
There is a stone staircase leading down, spattered with blood here.
You closely miss the skeletal warrior.
You headbutt the skeletal warrior, but do no damage.
The skeletal warrior hits you with a +0 glaive.
You hit the skeletal warrior but do no damage.
The skeletal warrior hits you with a +0 glaive!!
You are too injured to fight recklessly!
You are too injured to fight recklessly!
You hit the skeletal warrior but do no damage.
You headbutt the skeletal warrior.
The skeletal warrior is lightly damaged.
You gain the combat prowess of a mighty hero.
The skeletal warrior hits you with a +0 glaive!!
* * * LOW HITPOINT WARNING * * *
Okay, then.
You hit the skeletal warrior but do no damage.
You headbutt the skeletal warrior, but do no damage.
The skeletal warrior is lightly damaged.
You block the skeletal warrior's attack.
You hit the skeletal warrior but do no damage.
You headbutt the skeletal warrior.
The skeletal warrior is lightly damaged.
The skeletal warrior hits you with a +0 glaive.
* * * LOW HITPOINT WARNING * * *
You hit the skeletal warrior but do no damage.
You headbutt the skeletal warrior!
The skeletal warrior is moderately damaged.
You hit the skeletal warrior.
The skeletal warrior is moderately damaged.
You block the skeletal warrior's attack.
You hit the skeletal warrior.
The skeletal warrior is moderately damaged.
The skeletal warrior hits you with a +0 glaive!!
You die...

#.###...............# #.#######
#.#.'.....####..##### #.#......
##[#.#.....# #..# #.#.#####
...#'#.....####..########.#.#
[##....###................#.#
.##...## #.####..##########.#
.##...# #.#............# #.#####
.##...# #.#.##.z#.####.###......
.##...# #.#.##.@........########
.###### #.#.......#.....########
.# #.####.#.......#..≈§≈≈≈. #####
#......#.##.#..#.§.§.§§≈
....######.#...#..##.#..#.§§§§≈§≈
###.#......#.#.#.###.####.§§.§§§≈
#.##.##.#..........# #.≈§._§§≈
#.##.##.....##.##### #.≈≈..§§≈
#.##.####.#....# #.≈.≈≈§§≈


You could see a skeletal warrior.

Vanquished Creatures
  Pikel (D:9)
  Maurice (D:9)
  A gargoyle (D:7)
  Maggie (D:9)
  Prince Ribbit (D:9)
  11 yaks
  A wyvern (D:9)
  2 wraiths (D:9)
  Edmund (D:4)
  2 acid dragons (D:9)
  3 water moccasins
  3 orc warriors
  3 sky beasts
  2 ice beasts (D:7)
  A necrophage (D:7)
  2 ogres
  A centaur (D:9)
  3 phantoms
  4 lemures (D:9)
  A gnoll sergeant (D:9)
  A kobold brigand (D:8)
  3 bullfrogs
  A wyvern zombie (D:8)
  2 scorpions (D:4)
  A wyvern skeleton (D:7)
  4 killer bees (D:9)
  4 wights (D:7)
  A centaur zombie (D:7)
  2 howler monkeys (D:8)
  2 jellies
  4 hounds
  A gnoll shaman (D:8)
  2 orc priests (D:9)
  3 iguanas
  Terence (D:3)
  4 orc wizards
  A hound skeleton (D:4)
  6 gnolls
  7 adders
  2 worms
  2 dart slugs
  11 orcs
  4 ball pythons
  11 bats
  10 endoplasms
  2 giant cockroaches (D:1)
  12 goblins
  12 hobgoblins
  9 jackals
  7 quokkas
  4 frilled lizards (D:1)
  15 kobolds
  7 rats
203 creatures vanquished.

Vanquished Creatures (others)
  A bush (D:10)
  3 fungi (D:10)
  13 plants (D:10)
17 creatures vanquished.

Grand Total: 220 creatures vanquished

Notes
Turn   | Place    | Note
-------+----------+-------------------------------------------
     0 | D:1      | crazypyro the Minotaur Fighter began the quest for the Orb.
     0 | D:1      | Reached XP level 1. HP: 19/19 MP: 0/0
   119 | D:1      | Reached XP level 2. HP: 18/27 MP: 1/1
   618 | D:1      | Reached skill level 3 in Axes
   641 | D:1      | Reached XP level 3. HP: 33/33 MP: 2/2
  1020 | D:2      | Reached skill level 4 in Axes
  1084 | D:2      | Reached XP level 4. HP: 40/40 MP: 3/3
  1088 | D:2      | Got the Guide on Fire and Ice
  1337 | D:2      | Found a faded altar of an unknown god.
  1560 | D:2      | Reached skill level 5 in Axes
  2088 | D:3      | Found a basalt altar of Yredelemnul.
  2119 | D:3      | Reached XP level 5. HP: 44/46 MP: 4/4
  2376 | D:3      | Found a blossoming altar of Fedhas.
  2421 | D:3      | Noticed Terence
  2434 | D:3      | Killed Terence
  2435 | D:3      | Reached skill level 6 in Axes
  2869 | D:4      | Noticed Edmund
  2879 | D:4      | Killed Edmund
  2880 | D:4      | Reached skill level 7 in Axes
  2880 | D:4      | Reached XP level 6. HP: 33/52 MP: 5/5
  3200 | D:4      | Reached skill level 8 in Axes
  3544 | D:4      | Found a hazy altar of Hepliaklqana.
  3846 | D:4      | Reached XP level 7. HP: 59/59 MP: 6/6
  3904 | D:4      | Reached skill level 9 in Axes
  4247 | D:5      | Entered Level 5 of the Dungeon
  4259 | D:5      | Reached skill level 1 in Dodging
  4340 | D:5      | Reached skill level 10 in Axes
  4427 | D:5      | Found a broken altar of Ashenzari.
  4649 | D:5      | You fall into a shaft and drop 2 floors!
  4676 | D:7      | Reached XP level 8. HP: 33/66 MP: 7/7
  4853 | D:7      | Found a staircase to the Ecumenical Temple.
  5265 | D:7      | Reached skill level 11 in Axes
  5996 | D:7      | Reached skill level 12 in Axes
  6060 | D:7      | Found a bloodstained altar of Trog.
  6266 | D:7      | Noticed a gargoyle
  6281 | D:7      | Killed a gargoyle
  6282 | D:7      | Reached skill level 5 in Dodging
  6282 | D:7      | Reached XP level 9. HP: 15/71 MP: 8/8
  6803 | Temple   | Entered the Ecumenical Temple
  7031 | Temple   | Became a worshipper of Warmaster Okawaru
  7366 | D:8      | Reached skill level 13 in Axes
  7378 | D:7      | Reached * piety under Okawaru
  7669 | D:7      | Reached skill level 14 in Axes
  8243 | D:8      | Found Gozag's Platinum Reserve.
  8265 | D:8      | Found an opulent altar of Gozag.
  8599 | D:9      | Reached XP level 10. HP: 55/78 MP: 9/9
  8601 | D:9      | Reached ** piety under Okawaru
  8821 | D:9      | Reached skill level 15 in Axes
  8918 | D:9      | Noticed Maurice
  8932 | D:9      | Noticed Prince Ribbit
  8965 | D:9      | Killed Maurice
  8982 | D:9      | Killed Prince Ribbit
  8982 | D:9      | Reached *** piety under Okawaru
  9282 | D:9      | Found a burning altar of Makhleb.
  9538 | D:9      | Noticed Maggie
  9545 | D:9      | Killed Maggie
  9690 | D:9      | Noticed Pikel
  9723 | D:9      | Killed Pikel
  9724 | D:9      | Reached skill level 5 in Fighting
  9724 | D:9      | Reached skill level 5 in Shields
  9865 | D:9      | Found a glowing golden altar of the Shining One.
 10266 | D:10     | Entered Level 10 of the Dungeon
 10273 | D:10     | Noticed a sixfirhy
 10280 | D:10     | Noticed a smoke demon
 10571 | D:10     | Noticed a skeletal warrior
 10574 | D:10     | Noticed a skeletal warrior
 10740 | D:9      | Slain by a skeletal warrior

Illustrated notes

Levels and vault maps discovered:
D:1:      dpeg_arrival_water_fire, layout_basic, serial_glass, glass_columns_a,
          glass_columns_a, glass_columns_a, glass_columns_b, glass_columns_b,
          glass_columns_b, minmay_statues_item, minmay_ruptured
D:2:      layout_loops_ring, shapermc_ecumenical_altar_venn, kennysheep_doodads
D:3:      cheibrodos_greedy_goblins, layout_loops_ring, lemuel_tele_altar,
          mainiacjoe_overflow_24_doors, uniq_terence, uniq_crazy_yiuf_cottage
D:4:      nicolae_cairo_tiling_very_big, layout_basic,
          mainiacjoe_overflow_chevrons, minmay_misc_feat_nine_boxes, uniq_edmund
D:5:      layout_cave_pools, evilmike_ruin_ashenzari
D:7:      layout_layer_cave, kennysheep_mini_moat, temple_doors_cd
D:8:      layout_loops_ring, nicolae_gozag_zags_fifth_avenue
D:9:      layout_basic, mainiacjoe_overflow_paths,
          mainiacjoe_overflow_six_doors_small, uniq_pikel, uniq_prince_ribbit1,
          uniq_maggie, uniq_maurice
D:10:     layout_irregular_city, lemuel_crystal_altar, minmay_lair_entry_grove,
          the_hattery
Temple:   minmay_temple_curvy_loop

Skill      XL: |  1  2  3  4  5  6  7  8  9 10 |
---------------+-------------------------------+-----
Fighting       | 4 6 |  6.1
Armour         | 4 |  4.0
Shields        | 4 6 |  6.1
Axes           | 3 4 5 7 8 10 12 14 15 | 15.9
Dodging        | 2 5 7 8 |  8.6

Action                   |  1- 3 |  4- 6 |  7- 9 | 10-12 || total
-------------------------+-------+-------+-------+-------++-------
Melee: War axe           |    67 |   138 |   285 |   185 ||   675
       Headbutt          |     6 |    20 |    45 |    33 ||   104
Invok: Heroism           |       |       |       |     2 ||     2
  Use: Potion            |       |     1 |       |     2 ||     3
       Scroll            |       |       |     7 |       ||     7
Armor: Scale mail        |    48 |    52 |       |       ||   100
       Plate armour      |       |     1 |   100 |    69 ||   170
Dodge: Dodged            |    23 |    69 |    77 |    48 ||   217
Block: Buckler           |    14 |    27 |    37 |    31 ||   109
